 Dungeon Crawl Stone Soup version 0.28-a0-233-gb8ca4b6547 (webtiles) character file.

Game seed: 3154657457522982667

1689 siradein the Basher (level 9, -1/126 HPs)
             Began as an Ogre Berserker on Aug 23, 2021.
             Was an Elder of Trog.
             Slain by a boulder beetle (23 damage)
             ... on level 6 of the Dungeon.
             The game lasted 00:31:07 (8492 turns).

siradein the Basher (Ogre Berserker)                Turns: 8492, Time: 00:31:08

Health: -1/126     AC:  5    Str: 26    XL:     9   Next: 2%
Magic:  9/9        EV: 10    Int:  8    God:    Trog [****..]
Gold:   310        SH:  0    Dex:  8    Spells: 8/8 levels left

rFire   . . .      SeeInvis .   b - +0 giant club
rCold   . . .      Faith    .   (shield currently unavailable)
rNeg    . . .      Spirit   .   u - +2 robe {Will+}
rPois   .          Reflect  .   (helmet restricted)
rElec   .          Harm     .   (no cloak)
rCorr   .          Rampage  .   (gloves unavailable)
Will    +++..                   (boots unavailable)
Stlth   ..........              (no amulet)
HPRegen 1.31/turn               (no ring)
MPRegen 0.11/turn               (no ring)

@: berserking, lethally poisoned (-1 -> -2), strong-willed, regenerating, very
quick
A: large, unfitting armour, tough skin 1
a: Renounce Religion, Berserk, Trog's Hand, Brothers in Arms


You were on level 6 of the Dungeon.
You worshipped Trog.
Trog was greatly pleased with you.
You visited 1 branch of the dungeon, and saw 6 of its levels.
You also visited: Sewer.

You collected 310 gold pieces.

Inventory:

Hand Weapons
 b - a +0 giant club (weapon)
Armour
 u - a +2 robe of willpower (worn)
Wands
 l - a wand of polymorph (10)
 t - a wand of digging (4)
Scrolls
 a - a scroll of blinking {unknown}
 c - 2 scrolls of immolation {unknown}
 d - 2 scrolls of enchant weapon {unknown}
 e - 3 scrolls of identify {unknown}
 g - 7 scrolls of teleportation {unknown}
 h - a scroll of enchant armour {unknown}
 i - a scroll of silence {unknown}
 k - 2 scrolls of magic mapping {unknown}
 n - 2 scrolls of fear {unknown}
Potions
 f - a potion of curing
 j - a potion of magic {unknown}
 o - a potion of berserk rage {unknown}
 p - 2 potions of lignification {unknown}
 q - a potion of brilliance {unknown}
 s - 2 potions of resistance {unknown}


   Skills:
 - Level 4.0 Fighting
 + Level 10.5 Maces & Flails
 - Level 2.6 Dodging


You had 8 spell levels left.
You didn't know any spells.
Your spell library was empty.

Dungeon Overview and Level Annotations

Branches:
Dungeon (6/15)              Sewer (visited)
 Temple: D:4-7

Altars:
Makhleb

Shops:
D:3 *

Annotations:
D:5 1 runed translucent door, AttackTheMoon's ghost, novice MiFi


Innate Abilities, Weirdness & Mutations

You are too large for most types of armour.
You have tough skin. (AC +1)


Message History

A red film seems to cover your vision as you go berserk!
You feel yourself moving faster!
You feel mighty! The boulder beetle barely misses you.
You bludgeon the boulder beetle!!
The boulder beetle is moderately wounded.
You bludgeon the boulder beetle!!
The boulder beetle is severely wounded.
The boulder beetle leaps!
You closely miss the scorpion. The scorpion barely misses you.
You barely miss the scorpion. The scorpion stings you.
You bludgeon the boulder beetle!!
The boulder beetle is almost dead.
The boulder beetle leaps!
The scorpion stings you.
* * * LOW HITPOINT WARNING * * *
You are poisoned.
The scorpion poisons you!
You bludgeon the centaur skeleton!!
The centaur skeleton is severely damaged.
You feel sick.
The centaur skeleton hits you but does no damage.
The centaur skeleton barely misses you.
You bludgeon the centaur skeleton!!
You destroy the centaur skeleton!
Trog accepts your kill.
You feel sick. The scorpion stings you.
* * * LOW HITPOINT WARNING * * *
You sock the scorpion!
The scorpion is heavily wounded.
You feel sick. The scorpion stings you.
* * * LOW HITPOINT WARNING * * *
You bludgeon the scorpion!!
You kill the scorpion!
Trog accepts your kill.
You feel sick.
You have reached level 9!
Your experience leads to an increase in your attributes!
Increase (S)trength, (I)ntelligence, or (D)exterity?
You feel stronger. x2
You feel sick. The boulder beetle bites you!!
You die...

..#...#...#..# #...#
.............# #...#
#...#..5#....###...#
.#$#..Z#)#...#..<..#
..#...#cJ.#..####..#
..........s........#
...........).####Z##
........###)#####.##.#
............c†J.@B...#
#######.####5####.####
#.. ..<. ....
#######.# #.### .. #.#
#.##.# ..... .##.#


You could see a boulder beetle, a centaur, a jelly, a shadow imp and a water
moccasin zombie.

Vanquished Creatures
  Duvessa (D:5)
  An orc warrior (D:4)
  A black bear (D:6)
  A necrophage (D:2)
  An ogre (D:5)
  2 bullfrogs (Sewer)
  Dowan (D:5)
  A scorpion (D:6)
  A water moccasin skeleton (D:6)
  4 orc priests
  2 hounds (D:5)
  3 centaur skeletons
  3 iguanas (D:5)
  6 orc wizards
  A killer bee zombie (D:6)
  A hound skeleton (D:4)
  Robin (D:2)
  A howler monkey skeleton (D:4)
  10 adders
  8 gnolls
  2 ufetubi (D:4)
  2 adder skeletons
  2 worms
  3 dart slugs
  20 orcs
  6 bats
  19 endoplasms
  17 giant cockroaches
  17 goblins
  10 hobgoblins
  3 jackals (D:2)
  10 quokkas
  18 ball pythons
  14 frilled lizards
  9 kobolds
  7 rats
209 creatures vanquished.

Notes
Turn   | Place    | Note
-------+----------+-------------------------------------------
     0 | D:1      | siradein the Ogre Berserker began the quest for the Orb.
     0 | D:1      | Reached XP level 1. HP: 24/24 MP: 1/1
   246 | D:1      | Reached skill level 3 in Maces & Flails
   438 | D:1      | Reached XP level 2. HP: 15/32 MP: 2/2
  1039 | D:1      | Reached XP level 3. HP: 34/39 MP: 3/3
  1162 | D:2      | Reached ** piety under Trog
  1162 | D:2      | Noticed a necrophage
  1173 | D:2      | Killed a necrophage
  1174 | D:2      | Reached skill level 5 in Maces & Flails
  1174 | D:2      | Reached XP level 4. HP: 31/48 MP: 4/4
  1174 | D:2      | Reached XP level 5. HP: 35/54 MP: 5/5
  1362 | D:2      | Noticed Robin
  1429 | D:2      | Killed Robin
  2863 | D:3      | Reached XP level 6. HP: 29/62 MP: 6/6
  2880 | D:3      | Reached skill level 6 in Maces & Flails
  2880 | D:3      | Found Teesob Kiy's Assorted Antiques.
  2913 | D:3      | Found a glowing drain.
  2929 | Sewer    | Entered a sewer
  3061 | Sewer    | Reached *** piety under Trog
  3753 | Sewer    | Reached **** piety under Trog
  3770 | Sewer    | Reached skill level 7 in Maces & Flails
  3770 | Sewer    | Reached XP level 7. HP: 46/70 MP: 7/7
  5237 | D:4      | Reached skill level 8 in Maces & Flails
  6699 | D:5      | Entered Level 5 of the Dungeon
  6780 | D:4      | Reached XP level 8. HP: 78/78 MP: 8/8
  7082 | D:5      | Noticed Dowan
  7083 | D:5      | Noticed Duvessa
  7093 | D:5      | Killed Duvessa
  7094 | D:5      | Reached skill level 9 in Maces & Flails
  7095 | D:5      | Killed Dowan
  7167 | D:5      | Found a burning altar of Makhleb.
  7889 | D:5      | Found a runed translucent door.
  7889 | D:5      | Noticed AttackTheMoon's ghost (novice MiFi)
  8093 | D:5      | Reached skill level 10 in Maces & Flails
  8466 | D:6      | Noticed a boulder beetle
  8492 | D:6      | Reached XP level 9. HP: 22/84 MP: 9/9
  8492 | D:6      | Slain by a boulder beetle

Illustrated notes

Levels and vault maps discovered:
D:1:      matt_arrival_spirals, layout_basic
D:2:      layout_basic, uniq_robin
D:3:      layout_basic, gup_sewer_entry_glass, serial_shops, shop,
          hangedman_feature_mirror
D:4:      minmay_spotlight, layout_layer_cave
D:5:      layout_basic, amcnicky_altar_gilded, hellmonk_ghost_happy_afterlife,
          nrook_loot_triangle, st_stairs_8, corexii_checkpoint_a,
          guppyfry_early_orc_mine, uniq_duvessa
D:6:      cheibrodos_fzero, layout_basic, ebering_ghost_sewer_d,
          kennysheep_generic_room_3

Skill      XL: |  1  2  3  4  5  6  7  8 |
---------------+-------------------------+-----
Maces & Flails | 3 5 7 8 10 | 10.5
Fighting       | |  4.0
Dodging        | |  2.6

Action                   |  1- 3 |  4- 6 |  7- 9 || total
-------------------------+-------+-------+-------++-------
Melee: Mace              |    79 |   275 |       ||   354
       Whip              |       |     4 |   113 ||   117
       Flail             |       |       |    77 ||    77
       Quarterstaff      |       |       |    68 ||    68
       Giant club        |       |       |    51 ||    51
Invok: Berserk           |     1 |     3 |     6 ||    10
       Trog's Hand       |       |     4 |     7 ||    11
Armor: Animal skin       |    36 |    82 |    56 ||   174
       Robe              |       |       |    20 ||    20
Dodge: Dodged            |    50 |   142 |   143 ||   335

Table legend: (Time is in decaauts)
 A = Elapsed time spent in this place.
 B = Non-inter-level travel time spent in this place.
 C = Inter-level travel time spent in this place.
 D = Time resting spent in this place.
 E = Time spent auto-exploring this place.
 F = Levels seen in this place.
 G = Mean time per level.
                   A        B        C        D        E       F      G
               +--------+--------+--------+--------+--------+-----+--------+
         Total |   8657 |   8573 |     84 |    822 |   5989 |   7 | 1236.7 |
       Dungeon |   7616 |   7532 |     84 |    821 |   5260 |   6 | 1269.3 |
         Sewer |   1041 |   1041 |      0 |      1 |    729 |   1 | 1041.0 |
               +--------+--------+--------+--------+--------+-----+--------+

Top non-repeatable levels by time:
     D:4: 1807 daAuts
     D:5: 1582 daAuts
     D:3: 1473 daAuts
     D:2: 1414 daAuts
     D:1: 1169 daAuts
   Sewer: 1041 daAuts
     D:6: 168 daAuts
